 Dungeon Crawl Stone Soup version 0.29.1-12-g30fa7ad0bf (webtiles) character file.

Game seed: 8172189059346321457

5254 LustLizard the Skirmisher (level 10, -3/49 HPs)
             Began as a Spriggan Hunter on Dec 27, 2022.
             Was a Priest of Dithmenos.
             Killed by divine providence
             ... invoked by an orc priest
              (11 damage)
             ... on level 9 of the Dungeon on Dec 28, 2022.
             The game lasted 00:25:57 (11268 turns).

LustLizard the Skirmisher (Spriggan Hunter)        Turns: 11268, Time: 00:25:58

Health: -3/49      AC:  4    Str:  7    XL:     10   Next: 36%
Magic:  14/14      EV: 18    Int: 14    God:    Dithmenos [***...]
Gold:   512        SH:  0    Dex: 20    Spells: 10/13 levels left

rFire   . . .      SeeInvis +   D - +0 arbalest
rCold   . . .      Faith    .   (shield currently unavailable)
rNeg    . . .      Spirit   .   c - +0 robe
rPois   .          Reflect  .   k - +2 hat
rElec   .          Harm     .   g - scarf {+Inv}
rCorr   .          Rampage  .   (gloves unavailable)
Will    ++...                   (boots unavailable)
Stlth   ++++......              (no amulet)
HPRegen 0.16/turn               z - ring of willpower
MPRegen 0.14/turn               (no ring)

@: wreathed by umbra, very quick
A: very small, no large weapons, unfitting armour, see invisible, speed 3
a: Renounce Religion, Evoke Invisibility, Shadow Step


You were on level 9 of the Dungeon.
You worshipped Dithmenos.
Dithmenos was most pleased with you.
You visited 1 branch of the dungeon, and saw 9 of its levels.

You collected 512 gold pieces.

Inventory:

Hand Weapons
 a - a +0 shortbow
 D - a +0 arbalest (weapon)
Missiles
 E - a throwing net
Armour
 c - a +0 robe (worn)
 g - a scarf of invisibility (worn)
 k - a +2 hat (worn)
 n - a scarf of resistance
 B - a +0 buckler
Jewellery
 z - a ring of willpower (left hand)
Wands
 C - a wand of iceblast (11)
Scrolls
 b - 4 scrolls of immolation
 d - 2 scrolls of enchant armour {unknown}
 e - 3 scrolls of fear {unknown}
 f - a scroll of noise {unknown}
 i - 2 scrolls of brand weapon {unknown}
 l - 2 scrolls of teleportation
 p - a scroll of poison {unknown}
 u - a scroll of silence {unknown}
 w - a scroll of butterflies {unknown}
 y - 2 scrolls of enchant weapon {unknown}
 A - a scroll of summoning {unknown}
Potions
 h - 2 potions of heal wounds
 j - 2 potions of curing
 m - 2 potions of brilliance {unknown}
 o - 3 potions of lignification {unknown}
 q - 3 potions of resistance
 r - 3 potions of flight {unknown}
 s - 4 potions of mutation
 t - 3 potions of invisibility {unknown}
 v - 2 potions of cancellation {unknown}
 x - a potion of ambrosia {unknown}
 F - 2 potions of haste {unknown}


   Skills:
 + Level 3.8 Fighting
 * Level 11.7 Ranged Weapons
 - Level 2.6 Dodging
 - Level 4.4 Stealth
 - Level 2.1 Spellcasting
 - Level 3.5 Transmutations
 - Level 2.1 Fire Magic
 - Level 2.5 Poison Magic
 * Level 10.2 Evocations


You had 10 spell levels left.
You knew the following spells:

 Your Spells              Type           Power      Damage    Failure   Level
a - Ignite Poison         Fire/Tmut/Pois 9%         N/A       24%         3

Your spell library contained the following spells:

 Spells                   Type           Power      Damage    Failure   Level
 Passwall                 Tmut/Erth      5%         N/A       17%         2
 Apportation              Tloc           2%         N/A       24%         1
 Summon Small Mammal      Summ           4%         N/A       24%         1
 Ensorcelled Hibernation  Hex/Ice        2%         N/A       34%         2
 Conjure Flame            Conj/Fire      4%         6-21      43%         3
 Call Canine Familiar     Summ           1%         N/A       56%         3
 Summon Guardian Golem    Hex/Summ       1%         N/A       56%         3
 Swiftness                Air            1%         N/A       56%         3
 Sticky Flame             Conj/Fire      4%         2d3       83%         4
 Alistair's Intoxication  Tmut/Pois      6%         N/A       88%         5


Dungeon Overview and Level Annotations

Branches:
Dungeon (9/15)             Temple (0/1) D:5             Orc (0/2) D:9
   Lair: D:8-11

Altars:
Ashenzari
Cheibriados
Dithmenos
Gozag
Hepliaklqana
Trog
Uskayaw
Wu Jian
Zin

Shops:
D:4 [

Annotations:
D:7 exclusion: downstairs


Innate Abilities, Weirdness & Mutations

You are very small and have problems with some larger weapons.
You are too small for most types of armour.
You have supernaturally acute eyesight. (SInv)
You cover ground extremely quickly. (Speed+++)


Message History

The orc wizard gestures at you while chanting.
The puff of flame hits you.
Fire: D) +0 arbalest
Press: ? - help, Q - select action, (/) - cycle Shift-Dir - straight line, f - orc wizard
Aim: an orc wizard, wielding a +0 dagger and wearing a +0 robe (almost dead, slightly transparent, 58% to hit)
You shoot a bolt. The bolt hits the orc wizard.
The orc wizard is almost dead.
The orc wizard points at you and mumbles some strange words.
The puff of flame hits you!
Fire: D) +0 arbalest
Press: ? - help, Q - select action, (/) - cycle Shift-Dir - straight line, f/p - orc wizard
Aim: an orc wizard, wielding a +0 dagger and wearing a +0 robe (almost dead, slightly transparent, 58% to hit)
You shoot a bolt. The bolt hits the orc wizard!!
You kill the orc wizard!
Dithmenos accepts your kill.
Fire: D) +0 arbalest
Press: ? - help, Q - select action, (/) - cycle Shift-Dir - straight line, f - orc
Aim: an orc, wielding a +0 flail and wearing a +0 leather armour (umbra, 64% to hit)
You shoot a bolt. The bolt hits the orc!
You kill the orc!
Dithmenos accepts your kill.
Fire: D) +0 arbalest
Press: ? - help, Q - select action, (/) - cycle Shift-Dir - straight line, f - orc
Aim: an orc, wielding a +0 short sword and wearing a +0 leather armour (64% to hit)
You shoot a bolt. The bolt hits the orc!
You kill the orc!
Dithmenos accepts your kill.
An orc priest comes into view. It is wielding a +0 flail.
Fire: D) +0 arbalest
Press: ? - help, Q - select action, (/) - cycle Shift-Dir - straight line, f - orc priest
Aim: an orc priest, wielding a +0 flail (wandering, hasn't noticed you, 64% to hit)
You shoot a bolt. The bolt hits the orc priest.
The orc priest is moderately wounded.
The orc priest casts a cantrip, but nothing happens.
The orc priest mumbles some strange prayers to Beogh against you.
Beogh smites you!
* * * LOW HITPOINT WARNING * * *
The orc priest calls down the wrath of Beogh upon you.
Beogh smites you!
You die...

### ###
###.######.#
#.........##
#........##
##......## ###
#.....## .).#
#..@..#
....####.†...#
.........##.##
).....†.)####
.......).#
........##
.........#
...o...#.#
......##.## #


You could see an orc priest.

Vanquished Creatures
  A troll (D:5)
  The ghost of FakeRyeBread the Chopper, an amateur MiFi (D:5)
  A wyvern (D:9)
  9 yaks
  2 orc warriors (D:8)
  2 water moccasins (D:7)
  An ice beast (D:6)
  An ogre (D:6)
  4 centaurs
  3 kobold brigands
  A necrophage (D:5)
  5 scorpions
  5 bullfrogs
  16 wights
  2 howler monkeys
  A hound (D:5)
  A jelly (D:3)
  5 orc priests
  A gnoll bouda (D:4)
  3 iguanas
  9 orc wizards
  4 gnolls (D:4)
  5 adders
  2 ufetubi
  4 dart slugs
  27 orcs
  12 ball pythons
  A bat (D:1)
  5 endoplasms
  3 giant cockroaches
  6 hobgoblins
  3 jackals (D:2)
  3 quokkas (D:1)
  10 frilled lizards
  11 goblins
  14 kobolds
  3 rats
187 creatures vanquished.

Notes
Turn   | Place    | Note
-------+----------+-------------------------------------------
     0 | D:1      | LustLizard the Spriggan Hunter began the quest for the Orb.
     0 | D:1      | Reached XP level 1. HP: 10/10 MP: 2/2
     2 | D:1      | You fall into a shaft and drop 1 floor!
   100 | D:1      | Reached XP level 2. HP: 14/14 MP: 3/3
   460 | D:1      | Reached XP level 3. HP: 18/18 MP: 4/4
   718 | D:1      | Found a faded altar of an unknown god.
  1279 | D:2      | Reached skill level 5 in Ranged Weapons
  1367 | D:2      | Reached XP level 4. HP: 22/22 MP: 6/6
  1391 | D:2      | Reached skill level 1 in Spellcasting
  1769 | D:3      | Found a broken altar of Ashenzari.
  2057 | D:3      | Found a hazy altar of Hepliaklqana.
  2058 | D:3      | Found a shadowy altar of Dithmenos.
  2059 | D:3      | Noticed a shadow
  2066 | D:3      | Became a worshipper of Dithmenos the Shadowed
  2137 | D:3      | Found a bloodstained altar of Trog.
  2444 | D:4      | Noticed a scorpion
  2511 | D:3      | Killed a scorpion
  2512 | D:3      | Reached XP level 5. HP: 17/25 MP: 7/9
  2632 | D:4      | Found an ornate altar of the Wu Jian Council.
  2666 | D:4      | Learned a level 3 spell: Ignite Poison
  2723 | D:4      | Reached skill level 1 in Transmutations
  2740 | D:4      | Found a hide-covered altar of Uskayaw.
  2853 | D:4      | Reached skill level 1 in Poison Magic
  2853 | D:4      | Reached XP level 6. HP: 30/30 MP: 10/10
  2854 | D:4      | Reached skill level 6 in Ranged Weapons
  2869 | D:4      | Reached skill level 1 in Fire Magic
  3489 | D:4      | Found Gudil's Armour Shop.
  3612 | D:5      | Entered Level 5 of the Dungeon
  3795 | D:5      | Reached XP level 7. HP: 26/33 MP: 11/11
  3917 | D:5      | Reached * piety under Dithmenos
  4193 | D:5      | Reached skill level 7 in Ranged Weapons
  4302 | D:5      | Found a staircase to the Ecumenical Temple.
  4656 | D:5      | Found a runed translucent gate.
  4656 | D:5      | Found a runed translucent gate.
  4658 | D:5      | Found an opulent altar of Gozag.
  4659 | D:5      | Found a runed translucent gate.
  4661 | D:5      | Noticed a troll
  4662 | D:5      | Noticed FakeRyeBread's ghost (amateur MiFi)
  4895 | D:5      | Reached skill level 1 in Evocations
  5852 | D:6      | Reached XP level 8. HP: 37/37 MP: 12/12
  5881 | D:6      | Reached skill level 8 in Ranged Weapons
  6830 | D:7      | Reached skill level 9 in Ranged Weapons
  6854 | D:7      | Reached skill level 5 in Evocations
  6994 | D:7      | Found a snail-covered altar of Cheibriados.
  7456 | D:7      | Reached XP level 9. HP: 41/41 MP: 13/13
  7657 | D:7      | Found a glowing silver altar of Zin.
  7772 | D:8      | Reached skill level 10 in Ranged Weapons
  8270 | D:8      | Reached ** piety under Dithmenos
  8757 | D:5      | Killed a troll
  8889 | D:5      | Killed FakeRyeBread's ghost
 10490 | D:8      | Reached skill level 11 in Ranged Weapons
 10627 | D:8      | Reached XP level 10. HP: 49/49 MP: 14/14
 11209 | D:9      | Found a staircase to the Orcish Mines.
 11240 | D:9      | Reached skill level 10 in Evocations
 11252 | D:9      | Reached *** piety under Dithmenos
 11268 | D:9      | Killed from afar by an orc priest

Illustrated notes

Levels and vault maps discovered:
D:1:      eino_arrival_cavern_e, layout_loops_ring,
          chequers_ecumenical_altar_twisty, minmay_bisected
D:2:      layout_loops_cross, minmay_lizard_pond
D:3:      layout_loops_ring, mainiacjoe_overflow_small_starburst,
          riverfiend_overflow_shadow_ancestor, lemuel_coloured_pillars_altar
D:4:      layout_gridville, mainiacjoe_overflow_boulevard,
          nicolae_wu_jian_wuxing_cycle, serial_shops, shop, minmay_unequal
D:5:      layout_basic, minmay_temple_entry_stoned_glass, ebering_ghost_gozag,
          nicolae_elevator_lobby_plus
D:6:      layout_loops_ring
D:7:      layout_basic, mainiacjoe_overflow_alcove_2,
          mainiacjoe_overflow_six_doors_small
D:8:      layout_loops_ring, supply_closet_lemuel
D:9:      layout_cave_pods, mainiacjoe_overflow_catwalk, david_orc_3

Skill      XL: |  1  2  3  4  5  6  7  8  9 10 |
---------------+-------------------------------+-----
Stealth        | 2 3 4 |  4.4
Ranged Weapons | 5 6 7 9 11 | 11.7
Spellcasting   | 2 |  2.1
Transmutations | 1 2 3 |  3.5
Poison Magic   | 1 2 |  2.5
Fire Magic     | 1 2 |  2.1
Evocations     | 2 6 9 10 | 10.2
Fighting       | 3 |  3.8
Dodging        | |  2.6

Action                   |  1- 3 |  4- 6 |  7- 9 | 10-12 || total
-------------------------+-------+-------+-------+-------++-------
 Fire: Shortbow          |   111 |   147 |   453 |       ||   711
       Arbalest          |       |       |    22 |    65 ||    87
 Abil: Evoke Invisibilit |       |       |     1 |       ||     1
  Use: Scroll            |       |     3 |     2 |       ||     5
       Potion            |       |       |     2 |       ||     2
Armor: Robe              |    11 |     9 |    13 |     3 ||    36
Dodge: Dodged            |    30 |    48 |   152 |    22 ||   252
